 Dungeon Crawl Stone Soup version 0.24.0-2-g5b39cebb1c (console) character file.

Game seed: 4002935167626892414, levelgen mode: deterministic

70 AlterAsc the Gusty (level 4, 0/24 HPs)
             Began as a Tengu Air Elementalist on Oct 30, 2019.
             Slain by an adder (3 damage)
             ... on level 2 of the Dungeon.
             The game lasted 00:07:29 (1411 turns).

AlterAsc the Gusty (Tengu Air Elementalist)         Turns: 1411, Time: 00:07:30

Health: 0/24       AC:  3    Str:  9    XL:     4   Next: 22%
Magic:  0/9        EV: 13    Int: 16    God:
Gold:   57         SH:  0    Dex: 14    Spells: 7/8 levels left

rFire    . . .     SeeInvis .   l - +0 short sword
rCold    . . .     Gourm    .   (no shield)
rNeg     . . .     Faith    .   a - +0 robe
rPois    .         Spirit   .   (helmet restricted)
rElec    .         Reflect  .   (no cloak)
rCorr    .         Harm     .   b - +0 pair of gloves
MR       .....                  (boots unavailable)
Stlth    ++........             (no amulet)
HPRegen  0.08/turn              (no ring)
MPRegen  0.11/turn              (no ring)

@: no status effects
A: beak, talons 3
a: no special abilities


You were on level 2 of the Dungeon.
You were not hungry.

You visited 1 branch of the dungeon, and saw 2 of its levels.

You collected 57 gold pieces.

Inventory:

Hand Weapons
 l - a +0 short sword (weapon)
Armour
 a - a +0 robe (worn)
 b - a +0 pair of gloves (worn)
Scrolls
 d - a scroll of fog {unknown}
 g - a scroll of teleportation {unknown}
 h - a scroll of identify {unknown}
 i - a scroll of remove curse {unknown}
 j - a scroll of enchant weapon {unknown}
 k - a scroll of noise {unknown}
 n - a scroll of magic mapping {unknown}
Potions
 e - 3 potions of mutation {unknown}
 f - a potion of brilliance {unknown}
 m - a potion of lignification {unknown}
 p - a potion of ambrosia {unknown}
 q - a potion of curing {unknown}
Comestibles
 c - 2 rations
 o - 6 chunks of flesh


   Skills:
 - Level 2.4 Dodging
 - Level 2.2 Stealth
 + Level 2.7 Spellcasting
 + Level 3.0 Conjurations
 + Level 4.8 Air Magic


You had 7 spell levels left.
You knew the following spells:

 Your Spells              Type           Power        Failure   Level  Hunger
a - Shock                 Conj/Air       ##..         3%          1    #......

Your spell library contained the following spells:

 Spells                   Type           Power        Failure   Level  Hunger
 Swiftness                Chrm/Air       ##......     11%         2    ##.....
 Static Discharge         Conj/Air       ##......     12%         3    ###....
 Airstrike                Air            ###.......   26%         4    #####..
 Lightning Bolt           Conj/Air       ##........   71%         5    ######.


Dungeon Overview and Level Annotations

Branches:
Dungeon (2/15)

Altars:


Innate Abilities, Weirdness & Mutations

You have a beak for a mouth.
You have claws for feet.


Message History

The zap hits the jackal.
The jackal is almost dead.
The jackal barks!
The bat misses you. The adder closely misses you.
Casting: Shock (safe; 3% risk of failure)
Confirm with . or Enter, or press ? or * to list all spells.
Aiming: Shock (safe; 3% risk of failure)
Press: ? - help, Shift-Dir - straight line, f/p - adder
Aim: an adder (heavily wounded)
The zap hits the adder.
The adder is almost dead.
The zap hits the dart slug.
You kill the dart slug!
Your Conjurations skill increases to level 3!
You feel sick.
You are no longer poisoned.
The bat barely misses you. The adder bites you.
* * * LOW HITPOINT WARNING * * *
The adder bites you.
You die...

######.# ......
....#.# #....#
....#.# .# #....#
...#.###.#
....#######..#..##.#
#.......!# ..##.##.#
#...#....# #.##..#.#
#...#....# #.###.#.#
#.@# ...# #†###.#.#
#bS####†###)#.....#
##.h........#.##..#
##........†..##..#
###.....).#####>#
####....# #.# ####.#
#.# ..# #.# ..# #.#


You could see an adder, a jackal and a bat.

Vanquished Creatures
  An adder (D:2)
  An ooze (D:1)
  2 dart slugs
  3 leopard geckos (D:1)
  8 bats
  2 giant cockroaches
  8 goblins
  6 hobgoblins
  2 jackals (D:2)
  8 kobolds
  A ball python (D:2)
  2 rats (D:1)
44 creatures vanquished.

Notes
Turn   | Place    | Note
-------+----------+-------------------------------------------
     0 | D:1      | AlterAsc the Tengu Air Elementalist began the quest for the
                  | Orb.
     0 | D:1      | Reached XP level 1. HP: 10/10 MP: 4/4
   118 | D:1      | Reached XP level 2. HP: 14/15 MP: 3/6
   344 | D:1      | Reached XP level 3. HP: 19/19 MP: 4/7
  1392 | D:2      | Reached XP level 4. HP: 22/24 MP: 2/8
  1411 | D:2      | Slain by an adder

Levels and vault maps discovered:
D:1:      dpeg_arrival_shrine, layout_loops_ring, minmay_split_cup_small
D:2:      minmay_recursive_quarters, layout_basic

Skill      XL: |  1  2  3  4 |
---------------+-------------+-----
Conjurations   | 2 3 |  3.0
Dodging        | |  2.4
Stealth        | |  2.2
Spellcasting   | |  2.7
Air Magic      | |  4.8

Action                   |  1- 3 |  4- 6 || total
-------------------------+-------+-------++-------
Melee: Short sword       |     2 |     3 ||     5
 Cast: Shock             |    73 |     5 ||    78
  Eat: Chunk             |     2 |       ||     2
Armor: Robe              |     4 |     2 ||     6
Dodge: Dodged            |    20 |    24 ||    44
